 Seeded DCSS version 0.29.1-15-g9cfb28693d (webtiles) character file.

Game seed: 16245865983455551772 (custom seed)

4 Atreus the Trooper (level 1, 19/19 HPs)
             Began as a Palentonga Berserker on Mar 10, 2023.
             Was a Follower of Trog.
             Quit the game on level 1 of the Dungeon.
             The game lasted 00:00:30 (216 turns).

Atreus the Trooper (Palentonga Berserker)            Turns: 216, Time: 00:00:31

Health: 19/19      AC:  4    Str: 22    XL:     1   Next: 50%
Magic:  1/1        EV:  9    Int:  7    God:    Trog [*.....]
Gold:   0          SH:  0    Dex:  9    Spells: 0/0 levels left

rFire   . . .      SeeInvis +   a - +0 hand axe
rCold   . . .      Faith    .   (no shield)
rNeg    . . .      Spirit   .   b - +0 animal skin
rPois   .          Reflect  .   (no helmet)
rElec   .          Harm     .   (no cloak)
rCorr   .          Rampage  .   (no gloves)
Will    .....                   (no barding)
Stlth   +.........              (no amulet)
HPRegen 0.06/turn               (no ring)
MPRegen 0.07/turn               (no ring)

@: no status effects
A: large, rugged brown scales 3, see invisible, deformed body, roll 1, armoured
tail
a: Rolling Charge, Renounce Religion, Berserk


You were on level 1 of the Dungeon.
You worshipped Trog.
Trog was aware of your devotion.
You visited 1 branch of the dungeon, and saw 1 of its levels.

Inventory:

Hand Weapons
 a - a +0 hand axe (weapon)
 c - the +4 halberd "Qeolitta" {freeze, rC+ Str+4}
   (You acquired it on level 1 of the Dungeon)

   It freezes those it strikes, dealing additional cold damage.
   It can also slow down cold-blooded creatures.
   Str:       It affects your strength (+4).
   rC:        It protects you from cold.
Armour
 b - a +0 animal skin (worn)
 d - a +1 pair of gloves of strength
 e - the +4 barding of Afriq {rPois}
   (You acquired it on level 1 of the Dungeon)

   rPois:     It protects you from poison.


   Skills:
 + Level 3.1 Fighting
 + Level 3.1 Axes
 + Level 1.6 Armour
 + Level 1.6 Dodging


You couldn't memorise any spells.
You didn't know any spells.
Your spell library was empty.

Dungeon Overview and Level Annotations

Branches:
Dungeon (1/15)

Altars:


Innate Abilities, Weirdness & Mutations

You are completely covered in rugged brown scales. (AC +3, +7% HP)
You have supernaturally acute eyesight. (SInv)
Armour fits poorly on your strangely shaped body.
You can roll at nearby foes to attack.
You have a long armoured tail.


Message History

You hit the quokka.
The quokka is almost dead.
You hit the endoplasm. The endoplasm freezes you.
You are frozen.
The quokka bites you.
The endoplasm hits you but does no damage.
You miss the quokka.
The quokka is severely wounded.
You hit the endoplasm. The quokka closely misses you.
The endoplasm barely misses you. The quokka completely misses you.
You hit the endoplasm.
You kill the endoplasm!
Trog accepts your kill.
You barely miss the quokka. The quokka barely misses you.
You closely miss the quokka.
The quokka is severely wounded.
The quokka closely misses you.
You closely miss the quokka.
The quokka is severely wounded.
The quokka closely misses you. The quokka barely misses you.
You barely miss the quokka. You tail-slap the quokka.
The quokka is almost dead.
The quokka bites you but does no damage.
You hit the quokka.
You kill the quokka!
Trog accepts your kill.
Found 6 stones.
You see here a +0 dagger.
Found 3 scrolls labelled WAC GOIFOFITOUPLEC.
You start resting.
c - 3 scrolls labelled WAC GOIFOFITOUPLEC
There are no items here.
This is a scroll of acquirement!
Something appears at your feet!
d - a +1 pair of gloves of strength Something appears at your feet!
e - the +4 barding of Afriq {rPois} Something appears at your feet!
c - the +4 halberd "Qeolitta" {freeze, rC+ Str+4} Are you sure you want to abandon this character and quit the game? (Confirm with "yes".)

#### # #.. .# #.#
#.# # #@######..###
.###.##.#..........
..........#..#.....
.###.##...#..# ...
# #...###.## #
#...#(#..# ...#
#..##.##.## ....
#..#...#..# ....#
#.##...##.## ....#


There were no monsters in sight!

Vanquished Creatures
  An endoplasm (D:1)
  A goblin (D:1)
  A quokka (D:1)
3 creatures vanquished.

Notes
Turn   | Place    | Note
-------+----------+-------------------------------------------
     0 | D:1      | Atreus the Palentonga Berserker began the quest for the
                  | Orb.
     0 | D:1      | Reached XP level 1. HP: 19/19 MP: 1/1
   206 | D:1      | Identified 3 scrolls of acquirement
   206 | D:1      | Acquired a +1 pair of gloves of strength
   208 | D:1      | Acquired the +4 barding of Afriq {rPois}
   214 | D:1      | Acquired the +4 halberd "Qeolitta" {freeze, rC+ Str+4}
   216 | D:1      | Quit the game

Illustrated notes

Levels and vault maps discovered:
D:1:      minmay_arrival_hallway, layout_loops_corners, basic_ecumenical_altar,
          minmay_unequal

Action                   || total
-------------------------++-------
Melee: Hand axe          ||    12
       Tailslap          ||     1
  Use: Scroll            ||     3
Armor: Animal skin       ||     3
Dodge: Dodged            ||     9
